 Dungeon Crawl Stone Soup version 0.29-a0-375-g5102b3be25 (webtiles) character file.

Game seed: 7086393623922098848

242 purpskrrrp the Skirmisher (level 5, 0/42 HPs)
             Began as a Demonspawn Monk on May 4, 2022.
             Was an Elder of Qazlal.
             Slain by an orc
             ... wielding a +0 whip
              (1 damage)
             ... on level 4 of the Dungeon.
             The game lasted 00:33:58 (3833 turns).

purpskrrrp the Skirmisher (Demonspawn Monk)         Turns: 3833, Time: 00:33:59

Health: 0/42       AC: 14    Str: 11    XL:     5   Next: 81%
Magic:  5/5        EV:  9    Int: 12    God:    Qazlal [****..]
Gold:   148        SH:  9    Dex: 17    Spells: 4/4 levels left

rFire   + . .      SeeInvis .   r - +0 halberd
rCold   x . .      Faith    .   (shield currently unavailable)
rNeg    . . .      Spirit   .   t - +2 scale mail {Will+}
rPois   .          Reflect  .   (no helmet)
rElec   .          Harm     .   (no cloak)
rCorr   .          Rampage  .   (no gloves)
Will    ++...                   (no boots)
Stlth   +.........              (no amulet)
HPRegen 0.14/turn               i - ring of fire
MPRegen 0.09/turn               m - ring of willpower

@: about to teleport, repel missiles
A: hooves 1, molten scales 1, icemail 1, condensation shield
a: Renounce Religion, Upheaval, Elemental Force


You were on level 4 of the Dungeon.
You worshipped Qazlal.
Qazlal was greatly pleased with you.
You visited 1 branch of the dungeon, and saw 4 of its levels.

You collected 148 gold pieces.

Inventory:

Hand Weapons
 a - a +0 mace
 f - a +0 hand axe
 p - a +0 war axe
 q - a +0 flail
 r - a +0 halberd (weapon)
 w - a +0 dagger
Missiles
 h - 3 poisoned darts (quivered)
 B - a throwing net
Armour
 b - a +0 robe
 g - +0 fire dragon scales
 k - a +0 ring mail
 t - a +2 scale mail of willpower (worn)
Jewellery
 i - a ring of fire (left hand)
 m - a ring of willpower (right hand)
 s - a ring of flight
Wands
 j - a wand of iceblast (10)
Scrolls
 e - a scroll of poison
 n - a scroll of blinking
 o - a scroll of vulnerability
 u - a scroll of immolation {unknown}
 v - 3 scrolls of identify
 y - a scroll of fog
Potions
 c - 2 potions of ambrosia
 d - a potion of flight
 l - 2 potions of attraction {unknown}
 A - a potion of might {unknown}


   Skills:
 + Level 4.2 Fighting
 + Level 1.3(2.9) Axes
 + Level 3.6(3.7) Maces & Flails
 + Level 1.5(1.8) Polearms
 + Level 1.4 Armour
 + Level 3.0 Dodging
 + Level 1.8 Stealth
 + Level 1.2 Shields
 + Level 0.1 Invocations


You had 4 spell levels left.
You didn't know any spells.
Your spell library contained the following spells:

 Spells                   Type           Power      Damage    Failure   Level
 Cause Fear               Hex            0%         N/A       100%        4
 Dragon Form              Tmut           0%         N/A       100%        7
 Dragon's Call            Summ           0%         N/A       100%        9


Dungeon Overview and Level Annotations

Branches:
Dungeon (4/15)
 Temple: D:4-7

Altars:
Qazlal

Shops:
D:1 [


Innate Abilities, Weirdness & Mutations

You have large cloven feet.
You are partially covered in molten scales. (AC +2)
A meltable icy envelope protects you from harm. (AC +4)
A meltable shield of frost defends you. (SH +4)


Message History

You feel better. You block the orc's attack. The orc attacks as you move away!
The orc hits you but does no damage.
You hear a shout!
The orc attacks as you move away! The orc misses you.
You puncture the orc!
You kill the orc!
Qazlal accepts your kill.
You hear a shout!
You start resting.
You hear a shout! x3
There are monsters nearby!
Found a stone staircase leading down.
You hear a shout! x2
A hobgoblin comes into view.
An orc comes into view. It is wielding a +0 whip.
The orc throws a boomerang.
The boomerang barely misses you.
You hear a shout!
The orc throws a boomerang.
The boomerang closely misses you.
There are no items here.
The orc throws a boomerang.
The boomerang barely misses you.
A hobgoblin comes into view.
The orc throws a boomerang.
You block the boomerang.
An orc comes into view. It is wielding a +0 mace.
An orc comes into view. It is wielding a +0 hand axe.
You barely miss the orc. The orc completely misses you.
An orc comes into view. It is wielding a +0 trident.
You hit the orc. You kick the orc.
You kill the orc!
Qazlal accepts your kill.
The orc priest hits you from afar with a +3 trident.
The orc throws a boomerang.
You block the boomerang.
The orc priest hits you from afar with a +3 trident.
* * * LOW HITPOINT WARNING * * *
Unknown command.
The orc priest invokes the aid of Beogh against you.
Beogh smites you!
* * * LOW HITPOINT WARNING * * *
As you read the scroll of teleportation, it crumbles to dust.
You feel strangely unstable. The orc hits you with a +0 whip.
You die...

########.#
..<..o.#)########
#)o.)......##
###o######..#
#.......#
#######o# #.#
####.####o.
#@oogo.o>...
#....###g####..
.....#### ...
.### ####


You could see an orc priest, 3 orcs and 2 hobgoblins.

Vanquished Creatures
  Ijyb (D:3)
  Terence (D:3)
  7 gnolls
  An ufetubus (D:4)
  A worm (D:3)
  4 dart slugs
  7 orcs
  4 ball pythons
  5 endoplasms
  6 giant cockroaches
  9 goblins
  10 hobgoblins
  6 jackals
  3 quokkas
  7 bats
  A frilled lizard (D:1)
  3 kobolds
  21 rats
  A spectral kobold (D:1)
98 creatures vanquished.

Notes
Turn   | Place    | Note
-------+----------+-------------------------------------------
     0 | D:1      | purpskrrrp the Demonspawn Monk began the quest for the Orb.
     0 | D:1      | Reached XP level 1. HP: 18/18 MP: 1/1
    30 | D:1      | Found Diemuyp's Antique Armour Emporium.
   377 | D:1      | Found a faded altar of an unknown god.
   390 | D:1      | Prayed at the altar of an unknown god.
   390 | D:1      | Became a worshipper of Qazlal Stormbringer
   390 | D:1      | Reached * piety under Qazlal
   390 | D:1      | Reached ** piety under Qazlal
   740 | D:1      | Gained mutation: A meltable shield of frost defends you.
                  | (SH +4) [demonic ancestry]
   740 | D:1      | Reached XP level 2. HP: 24/24 MP: 2/2
  1378 | D:1      | Reached *** piety under Qazlal
  1851 | D:2      | Gained mutation: You are partially covered in molten
                  | scales. (AC +2) [demonic ancestry]
  1851 | D:2      | Reached XP level 3. HP: 29/29 MP: 3/3
  2646 | D:3      | Gained mutation: You have large cloven feet. [demonic
                  | ancestry]
  2646 | D:3      | Reached XP level 4. HP: 35/35 MP: 4/4
  2676 | D:3      | Noticed Ijyb
  2693 | D:3      | Reached **** piety under Qazlal
  2694 | D:3      | Reached skill level 4 in Fighting
  2717 | D:3      | Killed Ijyb
  2718 | D:3      | Reached skill level 1 in Axes
  2718 | D:3      | Gained mutation: A meltable icy envelope protects you from
                  | harm. (AC +4) [demonic ancestry]
  2718 | D:3      | Reached XP level 5. HP: 28/42 MP: 5/5
  2850 | D:3      | Noticed Terence
  2892 | D:3      | Killed Terence
  2893 | D:3      | Reached skill level 1 in Armour
  3743 | D:4      | Reached skill level 1 in Polearms
  3747 | D:4      | Reached skill level 1 in Shields
  3832 | D:4      | HP: 1/42 [orc priest/divine providence (12)]
  3833 | D:4      | Slain by an orc

Illustrated notes

Levels and vault maps discovered:
D:1:      minmay_arrival_checkered_box, layout_basic, serial_shops,
          nicolae_shop_overgrown_old_shop,
          dreamdust_ecumenical_altar_drowned_temple
D:2:      layout_rooms
D:3:      layout_basic, minmay_rat_hole, uniq_ijyb, uniq_terence
D:4:      layout_rooms, grunt_decor_junction, grunt_ministairs_4, uniq_eustachio

Skill      XL: |  1  2  3  4  5 |
---------------+----------------+-----
Maces & Flails | 3 |  3.6
Dodging        | 3 |  3.0
Fighting       | 4 |  4.2
Axes           | 1 |  1.3
Armour         | 1 |  1.4
Polearms       | 1 |  1.5
Shields        | 1 |  1.2
Stealth        | |  1.8
Invocations    | |  0.1

Action                   |  1- 3 |  4- 6 || total
-------------------------+-------+-------++-------
Melee: Mace              |   116 |       ||   116
       War axe           |    14 |    40 ||    54
       Kick              |       |    43 ||    43
       Punch             |       |     2 ||     2
       Halberd           |       |   106 ||   106
Invok: Upheaval          |       |     1 ||     1
  Use: Potion            |     4 |     3 ||     7
       Scroll            |     7 |     3 ||    10
 Stab: Sleeping          |     1 |       ||     1
Armor: Robe              |     9 |       ||     9
       Ring mail         |    17 |       ||    17
       Fire dragon scale |    13 |    22 ||    35
       Scale mail        |       |    37 ||    37
Dodge: Dodged            |    66 |    63 ||   129
Block: Other             |    58 |    80 ||   138

Table legend: (Time is in decaauts)
 A = Elapsed time spent in this place.
 B = Non-inter-level travel time spent in this place.
 C = Inter-level travel time spent in this place.
 D = Time resting spent in this place.
 E = Time spent auto-exploring this place.
 F = Levels seen in this place.
 G = Mean time per level.
                   A        B        C        D        E       F      G
               +--------+--------+--------+--------+--------+-----+--------+
         Total |   3942 |   3389 |    553 |    681 |   1886 |   4 |  985.5 |
       Dungeon |   3942 |   3389 |    553 |    681 |   1886 |   4 |  985.5 |
               +--------+--------+--------+--------+--------+-----+--------+

Top non-repeatable levels by time:
     D:1: 1863 daAuts
     D:3: 1174 daAuts
     D:2: 662 daAuts
     D:4: 242 daAuts
